 Dungeon Crawl Stone Soup version 0.30.0-5-g1a98f26d00 (webtiles) character file.

Game seed: 2672435215507528653

121342 Pooter the Severer (level 16, -10/157 HPs)
             Began as a Minotaur Berserker on May 7, 2023.
             Was a High Priest of Trog.
             Mangled by a steelbarb worm (27 damage)
             ... on level 3 of the Spider Nest on May 8, 2023.
             The game lasted 02:21:48 (23646 turns).

Pooter the Severer (Minotaur Berserker)            Turns: 23646, Time: 02:21:48

Health: -10/157    AC: 12    Str: 21    XL:     16   Next: 32%
Magic:  15/15      EV:  8    Int: 11    God:    Trog [*****.]
Gold:   1323       SH: 23    Dex: 10    Spells: 15/15 levels left

rFire   . . .        a - +9 broad axe (freeze)
rCold   . . .        g - +3 tower shield
rNeg    + . .        X - +0 shadow dragon scales
rPois   +            (helmet restricted)
rElec   +            v - scarf {repulsion}
rCorr   .            (no gloves)
SInv    .            (no boots)
Will    +....        e - amulet of the Tempest {Reflect rElec rN+ Str-5 Int+5 Dex-2 SH+5}
Stlth   +++++        A - +4 ring of slaying
HPRegen 1.26/turn    P - ring of poison resistance
MPRegen 0.14/turn

%: repel missiles, reflection
@: no status effects
A: horns 2, retaliatory headbutt, sense surroundings 1, regeneration 1
a: Renounce Religion, Berserk, Trog's Hand, Brothers in Arms


You were on level 3 of the Spider Nest.
You worshipped Trog.
Trog was extremely pleased with you.
You visited 4 branches of the dungeon, and saw 25 of its levels.
You also visited: Gauntlet and Volcano.

You collected 3876 gold pieces.
You spent 2553 gold pieces at shops.

Inventory:

Hand Weapons
 a - a +9 broad axe of freezing (weapon)
   (You bought it in a shop on level 3 of the Dungeon)
 b - a +4 arbalest of freezing
   (You found it on level 3 of the Lair of Beasts)
 M - the +9 war axe "Beastslayer" {protect, +Blink Str+2}
   (You bought it in a shop on level 3 of the Dungeon)

   Str:       It affects your strength (+2).
   +Blink:    It lets you blink.
 T - the +9 morningstar of Hufup {flame, rElec rPois MP+9 Int+2}
   (You found it in a Gauntlet)

   Int:       It affects your intelligence (+2).
   rElec:     It insulates you from electricity.
   rPois:     It protects you from poison.
   MP:        It affects your magic capacity (+9).
Missiles
 o - 6 curare-tipped darts
 B - 2 silver boomerangs
 C - 17 boomerangs (quivered)
 U - 2 javelins
Armour
 g - a +3 tower shield (worn)
   (You found it on level 1 of the Dungeon)
 v - a scarf of repulsion (worn)
   (You found it on level 11 of the Dungeon)
 x - a +2 plate armour of willpower
   (You took it off a vault guard on level 14 of the Dungeon)
 W - a +2 cloak of willpower
   (You found it in a Gauntlet)
 X - +0 shadow dragon scales (worn)
   (You found it in a Gauntlet)
Jewellery
 e - the amulet of the Tempest (around neck) {Reflect rElec rN+ Str-5 Int+5 Dex-2 SH+5}
   (You acquired it on level 2 of the Orcish Mines)

   [amulet of reflection]

   It reflects blocked missile attacks.
   Str:       It affects your strength (-5).
   Int:       It affects your intelligence (+5).
   Dex:       It affects your dexterity (-2).
   rElec:     It insulates you from electricity.
   rN:        It protects you from negative energy.
   SH:        It affects your SH (+5).
 y - a ring of flight
   (You found it on level 4 of the Dungeon)
 A - a +4 ring of slaying (left hand)
   (You bought it in a shop on level 2 of the Dungeon)
 D - an amulet of regeneration
   (You found it on level 1 of the Dungeon)
 P - a ring of poison resistance (right hand)
   (You found it on level 8 of the Dungeon)
 S - a ring of see invisible
   (You found it on level 5 of the Lair of Beasts)
 Z - a +6 ring of strength
   (You found it in a Gauntlet)
Wands
 f - a wand of flame (23)
   (You found it on level 6 of the Dungeon)
 u - a wand of paralysis (7)
   (You took it off Maggie on level 7 of the Dungeon)
 E - a wand of mindburst (4)
   (You found it on level 3 of the Lair of Beasts)
 L - a wand of roots (20)
   (You found it on level 9 of the Dungeon)
 O - a wand of quicksilver (1)
   (You found it on level 5 of the Lair of Beasts)
 V - a wand of polymorph (5)
   (You found it on level 11 of the Dungeon)
Scrolls
 i - 7 scrolls of identify {@r1}
 m - a scroll of noise {!r}
 n - 5 scrolls of fear
 p - a scroll of immolation {!r}
 q - 4 scrolls of fog
 s - 4 scrolls of poison {!r}
 t - 10 scrolls of teleportation {@r4}
 w - 2 scrolls of brand weapon
 F - 3 scrolls of magic mapping
 J - 5 scrolls of blinking
 K - 2 scrolls of silence
Potions
 c - 9 potions of heal wounds {@q2}
 d - 4 potions of lignification {!q}
 h - 8 potions of curing {@q1}
 j - a potion of cancellation
 k - 11 potions of haste {@q3}
 l - 3 potions of might
 r - a potion of resistance
 z - 8 potions of flight
 G - 2 potions of mutation {!q}
 H - a potion of invisibility
 I - 6 potions of attraction {!q}
 N - 2 potions of ambrosia
Miscellaneous
 Q - a box of beasts
   (You found it on level 3 of the Lair of Beasts)
 R - a condenser vane
   (You found it on level 11 of the Dungeon)
 Y - a phantom mirror
   (You found it in a Gauntlet)


   Skills:
 + Level 18.0 Fighting
 - Level 18.0 Axes
 - Level 6.4 Ranged Weapons
 + Level 8.4 Throwing
 - Level 2.4 Armour
 + Level 9.5 Dodging
 + Level 8.8 Stealth
 - Level 10.6 Shields
 - Level 10.4 Evocations


You had 15 spell levels left.
You didn't know any spells.
Your spell library was empty.

Dungeon Overview and Level Annotations

Branches:
Dungeon (15/15)            Temple (0/1) D:6            Lair (5/5) D:9
  Swamp (0/4) Lair:3       Spider (3/4) Lair:3        Slime (0/5) Lair:5
    Orc (2/2) D:11            Elf (0/3) Orc:2        Vaults (0/5) D:14
 Depths (0/4) D:15        Volcano (visited)         Gauntlet (visited)

Altars:
Ashenzari
Cheibriados
Elyvilon
Fedhas
Gozag
Kikubaaqudgha
Makhleb
Okawaru
Qazlal
Ru
Sif Muna
Trog
Uskayaw
Vehumet
Xom
Zin

Shops:
D:2 [=   D:3 =:((   Orc:2 (?[(*!:


Innate Abilities, Weirdness & Mutations

You have a pair of horns on your head.
You reflexively headbutt those who attack you in melee.
You passively map a small area around you.
Your natural rate of healing is unusually fast.


Message History

You block the boulder beetle's attack. You block the steelbarb worm's attack.
You block the jumping spider's attack. x2
The jumping spider pounces on you but does no damage.
The jumping spider barely misses you.
Your Fighting skill increases to level 18!
You slice the boulder beetle!! You freeze the boulder beetle!
You slash the jumping spider! You freeze the jumping spider.
You barely miss the steelbarb worm. You slash the jumping spider!
You freeze the jumping spider. The boulder beetle bites you.
* * * LOW HITPOINT WARNING * * *
You block the jumping spider's attack. The jumping spider closely misses you.
The jumping spider pounces on you!
* * * LOW HITPOINT WARNING * * *
You are caught in a web!
The jumping spider bites you.
* * * LOW HITPOINT WARNING * * *
The steelbarb worm hits you but does no damage.
You cannot attack while caught in a web.
Unknown command.
The web tears apart.
You block the boulder beetle's attack. You block the jumping spider's attack.
The jumping spider bites you but does no damage.
You block the jumping spider's attack.
The jumping spider bites you but does no damage.
The steelbarb worm hits you but does no damage.
You block the boulder beetle's attack.
Unknown command.
You slash the boulder beetle! You freeze the boulder beetle.
You headbutt the boulder beetle, but do no damage.
You slash the jumping spider! You freeze the jumping spider.
You kill the jumping spider!
Trog accepts your kill.
You slice the steelbarb worm!! You freeze the steelbarb worm!
You slice the jumping spider!! You freeze the jumping spider.
You kill the jumping spider!
Trog accepts your kill.
A freezing mist starts to gather... x2 2 jumping spider simulacra come into view.
You block the steelbarb worm's attack.
The moth of wrath goads the steelbarb worm on!
The steelbarb worm goes berserk!
The boulder beetle bites you!!
* * * LOW HITPOINT WARNING * * *
Your life force feels restored.
Unknown command.
Unknown command.
You barely miss the boulder beetle. You headbutt the boulder beetle!
You slice the steelbarb worm!! You freeze the steelbarb worm.
You slice the jumping spider simulacrum!!
You block the steelbarb worm's attack. You block the boulder beetle's attack.
The steelbarb worm hits you!!
You die...

, , .. ...
....
######.... ,
#..#^...##.
##...^.,#^..
,
#.wyB##..#..
,
##.Z@..#^....
#.........# *
##.Z......#..
,
#...........
####.......#
,
#.........#^
#.<...^...#*
#...#......
##.....#^.. ,


You could see a boulder beetle (berserk, soul bound), a steelbarb worm (berserk,
soul bound), a moth of wrath (soul bound) and 2 jumping spider simulacra.

Vanquished Creatures
  A fire giant (D:13)
  Donald (Spider:2)
  A ghost moth (Spider:1)
  An emperor scorpion (Spider:3)
  Louise (D:15)
  A broodmother (Spider:1)
  A stone giant (D:15)
  A dire elephant (Lair:5)
  A spark wasp (Spider:1)
  A minotaur (Gauntlet)
  Fannar (D:10)
  2 entropy weavers
  Josephine (D:10)
  Harold (Lair:2)
  A vault guard (D:14)
  4 hydras
  2 radroaches
  7 centaur warriors
  3 catoblepae
  5 boulder beetles
  A deep troll shaman (Lair:5)
  An orc high priest (Orc:2)
  7 two-headed ogres
  12 death yaks
  4 tengu warriors (D:15)
  A sun demon (Volcano)
  Sonja (Orc:1)
  Nergalle (Orc:1)
  A hell knight (Volcano)
  A skyshark (Lair:5)
  6 pharaoh ants
  A deep troll (D:14)
  3 orb spiders (Spider:2)
  A lindwurm (Lair:4)
  A necromancer (Lair:4)
  10 orc knights
  3 steelbarb worms
  3 orc sorcerers
  A deep elf pyromancer (D:15)
  A moth of wrath (Spider:3)
  A manticore (D:15)
  8 ugly things
  A shining eye (Gauntlet)
  8 elephants (Lair:5)
  7 wolf spiders
  8 cyclopes
  9 black mambas
  An apocalypse crab (Gauntlet)
  Joseph (Lair:1)
  2 demonic crawlers (Spider:1)
  A torpor snail (Spider:1)
  A cane toad (shapeshifter) (D:14)
  The ghost of nroviw the Trooper, a novice DjHW of Cheibriados (D:6)
  Maggie (D:7)
  An eye of devastation (Lair:5)
  9 cane toads
  An unseen horror (D:12)
  9 komodo dragons
  An efreet (D:15)
  2 red devils (Volcano)
  2 polar bears
  5 trolls
  15 tarantellas
  3 meliai (Spider:1)
  16 blink frogs
  19 jumping spiders
  6 slime creatures
  9 culicivoras
  A culicivora (shapeshifter) (D:15)
  2 vampires
  10 wraiths
  4 shadows
  A wyvern (D:10)
  5 basilisks
  4 humans (D:8)
  36 yaks
  20 redbacks
  Grum (D:10)
  A steam dragon (D:6)
  10 wargs
  7 vampire mosquitoes
  2 swamp worms (Gauntlet)
  An acid dragon (D:11)
  A hell hound (Volcano)
  9 water moccasins
  2 floating eyes
  An elephant zombie (Lair:4)
  A sky beast (D:8)
  5 ice beasts
  32 orc warriors
  3 black bears
  31 wolves
  5 ogres
  21 centaurs
  2 kobold brigands
  Blork the orc (D:6)
  2 phantoms
  15 bullfrogs
  2 komodo dragon zombies (Lair:4)
  5 scorpions
  13 wights
  A hornet simulacrum (D:6)
  9 killer bees
  11 electric eels
  2 howler monkeys
  A crimson imp (D:6)
  8 hounds
  9 orc priests
  4 jellies
  2 sleepcaps
  6 iguanas
  19 orc wizards
  A boggart simulacrum (D:14)
  2 killer bee simulacra (D:6)
  Robin (D:3)
  9 adders
  14 gnolls
  A shadow imp (D:6)
  3 white imps
  3 worms
  2 dart slugs
  74 orcs
  3 ball pythons
  4 bats
  2 endoplasms
  4 giant cockroaches
  16 goblins
  11 hobgoblins
  3 jackals (D:2)
  A quokka (D:2)
  A frilled lizard (D:1)
  17 kobolds
  8 rats
753 creatures vanquished.

Vanquished Creatures (collateral kills)
  A tarantella (Spider:1)
  3 redbacks (Spider:1)
4 creatures vanquished.

Vanquished Creatures (others)
  2 orcs
2 creatures vanquished.

Grand Total: 759 creatures vanquished

Notes
Turn   | Place    | Note
-------+----------+-------------------------------------------
     0 | D:1      | Pooter the Minotaur Berserker began the quest for the Orb.
     0 | D:1      | Reached XP level 1. HP: 19/19 MP: 0/0
   171 | D:1      | Reached XP level 2. HP: 19/27 MP: 1/1
   825 | D:2      | Found Yghocuav's Jewellery Shoppe.
   831 | D:2      | Reached XP level 3. HP: 33/33 MP: 2/2
   984 | D:2      | Reached skill level 5 in Axes
  1031 | D:2      | Reached ** piety under Trog
  1032 | D:2      | Reached XP level 4. HP: 41/41 MP: 3/3
  1294 | D:2      | Found Pech's Armour Shoppe.
  1503 | D:3      | Reached XP level 5. HP: 47/47 MP: 4/4
  1505 | D:3      | Reached skill level 5 in Fighting
  1599 | D:3      | Found Xoniuph's Antique Weapon Boutique.
  1689 | D:3      | Noticed Robin
  1697 | D:3      | Killed Robin
  1780 | D:3      | Found a blossoming altar of Fedhas.
  1814 | D:3      | Found a white marble altar of Elyvilon.
  1836 | D:3      | Found Qiugont's Book Boutique.
  1841 | D:3      | Found an opulent altar of Gozag.
  1914 | D:3      | Found Douzof's Jewellery Emporium.
  1942 | D:3      | Noticed a water elemental
  1943 | D:3      | Found a stormy altar of Qazlal.
  1946 | D:3      | Noticed an air elemental
  1946 | D:3      | Noticed a fire elemental
  1959 | D:3      | Found Dyaror's Antique Weapon Shoppe.
  1964 | D:3      | Noticed an ice beast
  1969 | D:3      | Killed an ice beast
  1970 | D:3      | Reached XP level 6. HP: 56/56 MP: 5/5
  2214 | D:4      | Found a broken altar of Ashenzari.
  2259 | D:3      | Bought a runed broad axe for 140 gold pieces
  2380 | D:4      | You fall into a shaft and drop 1 floor!
  2380 | D:5      | Entered Level 5 of the Dungeon
  2398 | D:4      | Reached *** piety under Trog
  3026 | D:5      | Reached XP level 7. HP: 63/63 MP: 6/6
  3069 | D:5      | Found a glowing silver altar of Zin.
  3069 | D:5      | Noticed an angel
  3386 | D:6      | Reached skill level 1 in Ranged Weapons
  3413 | D:6      | Reached XP level 8. HP: 50/73 MP: 7/7
  3450 | D:6      | Noticed Blork the orc
  3454 | D:6      | Found a runed translucent gate.
  3456 | D:6      | Killed Blork the orc
  3457 | D:6      | Found a runed translucent gate.
  3457 | D:6      | Found a runed translucent gate.
  3485 | D:6      | Found a staircase to the Ecumenical Temple.
  3499 | D:6      | Reached skill level 10 in Axes
  3839 | D:6      | Found a hide-covered altar of Uskayaw.
  3851 | D:6      | Found a burning altar of Makhleb.
  3852 | D:6      | Found a shimmering altar of Xom.
  3952 | D:6      | Reached **** piety under Trog
  4333 | D:6      | Noticed nroviw's ghost (novice DjHW)
  4360 | D:6      | Reached skill level 5 in Ranged Weapons
  4365 | D:6      | Reached XP level 9. HP: 81/81 MP: 8/8
  4376 | D:6      | Killed nroviw's ghost
  4763 | D:3      | Bought a shimmering war axe for 170 gold pieces
  4763 | D:3      | Identified the +9 war axe "Beastslayer" {protect, +Blink
                  | Str+2} (You bought it in a shop on level 3 of the Dungeon)
  4844 | D:7      | Reached skill level 1 in Shields
  5181 | D:7      | Noticed a two-headed ogre
  5189 | D:7      | Killed a two-headed ogre
  5302 | D:7      | Found a bloodstained altar of Trog.
  5305 | D:7      | Reached XP level 10. HP: 91/91 MP: 9/9
  5460 | D:7      | Noticed Maggie
  5467 | D:7      | Reached skill level 5 in Shields
  5471 | D:7      | Paralysed by Maggie for 4 turns
  5478 | D:7      | Killed Maggie
  5857 | D:8      | Reached skill level 1 in Evocations
  6098 | D:8      | Found an ancient bone altar of Kikubaaqudgha.
  6104 | D:8      | Found a shimmering blue altar of Sif Muna.
  6106 | D:8      | Found a radiant altar of Vehumet.
  6624 | D:9      | Reached skill level 10 in Fighting
  6794 | D:9      | Noticed a two-headed ogre
  6799 | D:9      | Killed a two-headed ogre
  6886 | D:9      | Found a staircase to the Lair.
  7231 | D:9      | Found a snail-covered altar of Cheibriados.
  7288 | D:10     | Entered Level 10 of the Dungeon
  7318 | D:10     | Noticed Fannar
  7336 | D:10     | Killed Fannar
  7337 | D:10     | Reached XP level 11. HP: 101/101 MP: 10/10
  7501 | D:10     | Noticed a two-headed ogre
  7510 | D:10     | Killed a two-headed ogre
  7565 | D:10     | Noticed Josephine
  7578 | D:10     | Killed Josephine
  7643 | D:10     | Noticed Grum
  7666 | D:10     | Killed Grum
  7966 | D:10     | Found an iron altar of Okawaru.
  8138 | Lair:1   | Entered Level 1 of the Lair of Beasts
  8188 | Lair:1   | Noticed Joseph
  8199 | Lair:1   | Killed Joseph
  8519 | Lair:1   | Reached skill level 15 in Axes
  8791 | Lair:2   | Noticed a catoblepas
  8802 | Lair:2   | Killed a catoblepas
  8803 | Lair:2   | Reached skill level 10 in Shields
  8894 | Lair:2   | Gained mutation: Your spells are a little harder to cast,
                  | but a little more powerful. [potion of mutation]
  8894 | Lair:2   | Gained mutation: You are partially covered in large bone
                  | plates. (SH +4) [potion of mutation]
  8917 | Lair:2   | Noticed a boulder beetle
  8932 | Lair:2   | Killed a boulder beetle
  8933 | Lair:2   | Reached XP level 12. HP: 99/110 MP: 11/11
  9011 | Lair:2   | Noticed a five-headed hydra
  9018 | Lair:2   | Killed a nine-headed hydra
  9254 | Lair:2   | Noticed Harold
  9266 | Lair:2   | Killed Harold
  9267 | Lair:2   | Reached skill level 5 in Evocations
  9544 | Lair:3   | Noticed a seven-headed hydra
  9544 | Lair:3   | Found a staircase to the Swamp.
  9610 | Lair:2   | Killed a nine-headed hydra
  9917 | Lair:3   | Noticed a six-headed hydra
  9923 | Lair:3   | Killed a ten-headed hydra
  9990 | Lair:3   | You are sucked into a shaft and drop 2 floors!
  9990 | Lair:5   | Entered Level 5 of the Lair of Beasts
 10198 | Lair:4   | Found a gate leading to a gauntlet.
 10216 | Gauntlet | Entered a Gauntlet
 10216 | Gauntlet | Found a transporter.
 10216 | Gauntlet | Found a transporter.
 10239 | Gauntlet | Found a transporter.
 10242 | Gauntlet | Found a transporter.
 10249 | Gauntlet | Gained mutation: You are vulnerable to heat. (rF-) [a
                  | shining eye]
 10250 | Gauntlet | Gained mutation: You are dopey. (Int -2) [a shining eye]
 10259 | Gauntlet | Found a transporter.
 10272 | Gauntlet | Found a transporter.
 10426 | Gauntlet | Found a transporter.
 10428 | Gauntlet | Found a transporter.
 10436 | Gauntlet | Found a transporter.
 10439 | Gauntlet | Found a transporter.
 10486 | Gauntlet | Identified the +10 glaive of the End of Times {venom,
                  | *Corrode rPois rC++}
 10499 | Gauntlet | Noticed a minotaur
 10504 | Gauntlet | Killed a minotaur
 10505 | Gauntlet | Reached XP level 13. HP: 122/122 MP: 12/12
 10570 | Gauntlet | Identified the +9 morningstar of Hufup {flame, rElec rPois
                  | MP+9 Int+2}
 10598 | Lair:4   | Lost mutation: You are vulnerable to heat. (rF-) [potion of
                  | mutation]
 10598 | Lair:4   | Lost mutation: You are partially covered in large bone
                  | plates. (SH +4) [potion of mutation]
 10598 | Lair:4   | Lost mutation: Your spells are a little harder to cast, but
                  | a little more powerful. [potion of mutation]
 10598 | Lair:4   | Gained mutation: Potions are less effective at restoring
                  | your health. [potion of mutation]
 10598 | Lair:4   | Gained mutation: You are frail. (-10% HP) [potion of
                  | mutation]
 10598 | Lair:4   | Gained mutation: You passively map a small area around you.
                  | [potion of mutation]
 10599 | Lair:4   | Lost mutation: Potions are less effective at restoring your
                  | health. [potion of mutation]
 10599 | Lair:4   | Lost mutation: You passively map a small area around you.
                  | [potion of mutation]
 10599 | Lair:4   | Gained mutation: You have hidden genetic defects. [potion
                  | of mutation]
 10599 | Lair:4   | Gained mutation: You have supernaturally acute eyesight.
                  | (SInv) [potion of mutation]
 10599 | Lair:4   | Gained mutation: You passively dampen the noise of your
                  | surroundings. [potion of mutation]
 10600 | Lair:4   | Lost mutation: You have supernaturally acute eyesight.
                  | (SInv) [potion of mutation]
 10600 | Lair:4   | Lost mutation: You are dopey. (Int -2) [potion of mutation]
 10600 | Lair:4   | Lost mutation: You are frail. (-10% HP) [potion of
                  | mutation]
 10600 | Lair:4   | Gained mutation: You occasionally lose the ability to read
                  | scrolls when taking damage. [potion of mutation]
 10601 | Lair:4   | Lost mutation: You occasionally lose the ability to read
                  | scrolls when taking damage. [potion of mutation]
 10601 | Lair:4   | Lost mutation: You have hidden genetic defects. [potion of
                  | mutation]
 10601 | Lair:4   | Lost mutation: You passively dampen the noise of your
                  | surroundings. [potion of mutation]
 10601 | Lair:4   | Gained mutation: Your magical capacity is low. (-10% MP)
                  | [potion of mutation]
 10601 | Lair:4   | Gained mutation: Your natural rate of healing is unusually
                  | fast. [potion of mutation]
 10601 | Lair:4   | Lost mutation: Your magical capacity is low. (-10% MP)
                  | [potion of mutation]
 10601 | Lair:4   | Gained mutation: You passively map a small area around you.
                  | [potion of mutation]
 10940 | Lair:3   | Found a hole to the Spider Nest.
 11241 | Lair:3   | Reached ***** piety under Trog
 11936 | Lair:4   | Received a gift from Trog
 12337 | Lair:5   | Found a staircase to the Slime Pits.
 12570 | Lair:5   | Reached skill level 1 in Stealth
 12862 | Lair:5   | Reached skill level 15 in Fighting
 13085 | Lair:5   | Reached XP level 14. HP: 132/135 MP: 13/13
 13884 | D:2      | Bought a +4 ring of slaying for 1014 gold pieces
 14051 | D:11     | Found a staircase to the Orcish Mines.
 14068 | Orc:1    | Entered Level 1 of the Orcish Mines
 14068 | Orc:1    | Noticed Sonja
 14229 | Orc:1    | Killed Sonja
 14281 | Orc:1    | Found a dark tunnel.
 14288 | Volcano  | Entered a volcano
 14342 | Volcano  | Reached skill level 1 in Throwing
 14722 | Orc:1    | Noticed Nergalle
 14729 | Orc:1    | Killed Nergalle
 14730 | Orc:1    | Reached skill level 10 in Evocations
 14984 | Orc:2    | Entered Level 2 of the Orcish Mines
 14986 | Orc:2    | Found Dotad's Book Emporium.
 15318 | Orc:2    | Found Toypp's Distillery.
 15328 | Orc:2    | Bought a potion of curing for 33 gold pieces
 15328 | Orc:2    | Bought a potion of curing for 33 gold pieces
 15364 | Orc:2    | Reached skill level 5 in Stealth
 15375 | Orc:2    | Found Orraos's General Store.
 15375 | Orc:2    | Found Moidienku's Weapon Shoppe.
 15383 | Orc:2    | Received a gift from Trog
 15436 | Orc:2    | Bought a scroll of magic mapping for 135 gold pieces
 15436 | Orc:2    | Bought a potion of cancellation for 144 gold pieces
 15685 | Orc:2    | Found a staircase to the Elven Halls.
 15704 | Orc:2    | Found Mocomunk's Weapon Shoppe.
 15784 | Orc:2    | Found Linesiomed's Magic Scroll Shoppe.
 15840 | Orc:2    | Found Koal Zoq's Armour Boutique.
 16238 | D:11     | Reached skill level 5 in Dodging
 17093 | D:12     | Reached XP level 15. HP: 144/144 MP: 14/14
 17690 | Orc:2    | Bought a scroll of acquirement for 884 gold pieces
 17690 | Orc:2    | Acquired the amulet of the Tempest {Reflect rElec rN+ Str-5
                  | Int+5 Dex-2 SH+5}
 18191 | D:13     | Reached skill level 5 in Throwing
 18251 | D:13     | Received a gift from Trog
 18339 | D:13     | Identified the +0 great sword "Sivood" {flame, rF+ Will+
                  | Str-2 SInv}
 18472 | D:13     | Noticed a fire giant
 18483 | D:13     | Killed a fire giant
 19705 | D:14     | Found a gate to the Vaults.
 20030 | D:15     | Entered Level 15 of the Dungeon
 20217 | D:15     | Found a sacrificial altar of Ru.
 20406 | D:15     | Acquired 805 gold pieces
 20433 | D:15     | Found an ancient bone altar of Kikubaaqudgha.
 20570 | D:15     | Identified the +0 tower shield of the Sun {rElec}
 20570 | D:15     | Noticed Louise
 20582 | D:15     | Killed Louise
 20663 | D:15     | Identified the +3 spear "Tofao" {drain, rF- Will+ Int+3}
 20807 | D:15     | Found a staircase to the Depths.
 20946 | D:15     | Upgraded the game from 0.30.0-3-ga4e48a9924 to
                  | 0.30.0-5-g1a98f26d00
 21194 | Spider:1 | Entered Level 1 of the Spider Nest
 21929 | Spider:1 | Identified the +6 hand axe "Fagiedd" {drain, *Rage rPois
                  | rN++ Dex+2}
 22047 | Spider:1 | Reached XP level 16. HP: 127/155 MP: 15/15
 22516 | Spider:2 | Noticed Donald
 22531 | Spider:2 | Killed Donald
 23646 | Spider:3 | Mangled by a steelbarb worm

Illustrated notes

Levels and vault maps discovered:
D:1:      lightli_arrival_statuegarden, layout_loops_ring
D:2:      layout_loops_ring, serial_shops, nicolae_shop_tiny_real_fake_doors,
          nicolae_shop_crystal, kennysheep_doodads, kennysheep_generic_room_4
D:3:      layout_rooms, fedhas_altar_1, mainiacjoe_overflow_paths,
          mainiacjoe_overflow_tiny_flanked, nicolae_qazlal_style_of_elements,
          serial_shops, shop, nicolae_shop_behind_doors,
          nicolae_shop_tiny_statue_garden, nicolae_shop_back_alley_shop,
          grunt_decor_arrowhead, uniq_robin
D:4:      layout_basic, ashenzari_altar_1
D:5:      layout_rooms, zin_angel
D:6:      layout_basic, grunt_temple_overflow_champion_of_chaos,
          nicolae_uskayaw_dance_hall, minmay_temple_entry_waves,
          gammafunk_ghost_icy, uniq_blork_the_orc
D:7:      layout_basic, trog_butcher_becter, uniq_maggie
D:8:      layout_loops_ring, grunt_temple_overflow_magic_moments,
          minmay_ruffians
D:9:      layout_basic, mainiacjoe_overflow_alcove_4, david_lair_shrubbed,
          kennysheep_generic_room_15
D:10:     layout_roguey, okawaru_altar_gauntlet_db, uniq_grum, uniq_fannar,
          uniq_josephine
D:11:     kennysheep_blocky_room, layout_long_grid, orc_0_dummy
D:12:     layout_basic, serial_corexii_hall, corexii_hall_statues_i,
          chequers_hall_statues_corner_a
D:13:     layout_roguey, small_statue_intersection, minmay_radiant
D:14:     layout_basic, david_vaults_4
D:15:     grunt_enter_depths_snipers, layout_gridville, kiku_gazebo_pond_becter,
          chequers_serial_rivers_micro_d, nicolae_ru_path_of_blood, uniq_louise
Lair:1:   layout_misc_corridors, uniq_joseph
Lair:2:   layout_chaotic_city, uniq_harold
Lair:3:   layout_loops_ring, swamp_mist_pool, spider_nest_entry_rubble
Lair:4:   pond_and_an_island_with_a_cottage, layout_gridlike,
          gauntlet_entry_generic, lemuel_fruit_fields, grunt_megastairs_2,
          infiniplex_staircase_pool
Lair:5:   grunt_lair_end_beastmaster, layout_regular_city,
          minmay_slime_entry_eyes
Spider:1: nicolae_spider_mines_2, drop_trap, hangedman_spider_tarantella_strand
Spider:2: layout_chambers, uniq_donald
Spider:3: layout_spider_delve, nicolae_spider_orb_run
Orc:1:    layout_caves, basic_altar, enter_volcano_2, uniq_sonja, uniq_nergalle
Orc:2:    st_orc_town, layout_caves, serial_shops, shop, shop, shop,
          basic_altar, kennysheep_orc_chapel

Skill      XL: |  1  2  3  4  5  6  7  8  9 10 11 12 13 14 15 16 |
---------------+-------------------------------------------------+-----
Axes           | 4 5 6 7 8 9 11 12 14 15 17 18 | 18.0
Fighting       | 4 5 6 7 8 9 10 11 13 15 16 17 18 | 18.0
Ranged Weapons | 2 5 6 |  6.4
Shields        | 4 8 10 | 10.6
Evocations     | 3 4 7 9 10 | 10.4
Stealth        | 3 6 8 |  8.8
Throwing       | 4 7 8 |  8.4
Dodging        | 5 8 9 |  9.5
Armour         | |  2.4

Action                     |  1- 3 |  4- 6 |  7- 9 | 10-12 | 13-15 | 16-18 || total
---------------------------+-------+-------+-------+-------+-------+-------++-------
  Melee: Hand axe          |    21 |       |       |       |       |       ||    21
         Headbutt          |    10 |    21 |    17 |    89 |   151 |    20 ||   308
         War axe           |    45 |    91 |    25 |   211 |       |       ||   372
         Broad axe         |       |    20 |   107 |   204 |   708 |   104 ||  1143
   Fire: Shortbow          |       |       |    26 |       |       |       ||    26
  Throw: Dart              |       |       |     9 |    24 |    35 |       ||    68
         Boomerang         |       |       |       |     6 |    74 |     4 ||    84
         Javelin           |       |       |       |       |     2 |       ||     2
 Invoke: Berserk           |     1 |     2 |     6 |    14 |    13 |     2 ||    38
         Trog's Hand       |       |       |     4 |    14 |    19 |     1 ||    38
         Brothers in Arms  |       |       |       |       |     1 |       ||     1
  Evoke: Wand              |       |       |       |       |    38 |       ||    38
         Phantom mirror    |       |       |       |       |     1 |       ||     1
         Condenser vane    |       |       |       |       |     1 |       ||     1
    Use: Scroll            |     1 |    10 |     2 |    18 |    13 |       ||    44
         Potion            |       |       |     1 |     2 |     9 |     1 ||    13
   Stab: Petrified         |       |       |       |       |     5 |       ||     5
         Sleeping          |       |       |       |       |     8 |     6 ||    14
         Distracted        |       |       |       |       |     3 |       ||     3
         Invisible         |       |       |       |       |     1 |       ||     1
 Armour: Ring mail         |    16 |    22 |       |       |       |       ||    38
         Plate armour      |       |     7 |    50 |    94 |    16 |       ||   167
         Shadow dragon sca |       |       |       |       |   132 |    26 ||   158
         Chain mail        |       |       |       |       |    21 |       ||    21
  Dodge: Dodged            |    30 |    31 |    62 |    90 |   119 |    16 ||   348
  Block: Tower shield      |    46 |    69 |    59 |   341 |   603 |   126 ||  1244
         Reflection        |       |       |       |       |    26 |       ||    26
